 Dungeon Crawl Stone Soup version bcrawl-1.35.5c (webtiles) character file.

Game seed: 6146141135047827098

304737 Baz the Thaumaturge (level 11, -10/66 HPs)
             Began as a Skeleton Ice Elementalist on Mar 10, 2022.
             Was an Elder of Vehumet.
             Mangled by a centaur warrior (12 damage)
             ... on level 10 of the Dungeon.
             The game lasted 00:34:27 (13069 turns).

Baz the Thaumaturge (Skeleton Ice Elementalist)    Turns: 13069, Time: 00:34:27

Health: -10/66     AC:  9    Str: 15 (16) XL:     11   Next: 49%
Magic:  0/26       EV: 15    Int: 16      God:    Vehumet [****..]
Gold:   790        SH:  5    Dex:  9      Spells: 14/33 levels left

rFire    . . .     SeeInvis .   c - +0 short sword (elec)
rCold    + . .     Gourm    .   (no shield)
rNeg     + + +     Faith    .   a - +0 troll leather armour
rPois    ∞         Spirit   +   u - +0 hat
rElec    .         Reflect  +   g - +0 cloak
rCorr    .                      q - +0 pair of gloves
MR       +....                  x - +1 pair of boots
Stlth    ++........             f - +5 amulet of reflection
HPRegen  0.61/turn              m - +3 ring of evasion
MPRegen  0.20/turn              b - ring of wizardry

@: no status effects
A: no food or potions, cold resistance 1, deterioration 1, negative energy
resistance 3, powered by death 1, torment resistance, unbreathing, magic shield,
sturdy frame 2, spell healing
a: Renounce Religion


You were on level 10 of the Dungeon.
You worshipped Vehumet.
Vehumet was greatly pleased with you.
You were not hungry.

You visited 2 branches of the dungeon, and saw 11 of its levels.
You also visited: Bailey.

You collected 790 gold pieces.

Inventory:

Hand Weapons
 c - a +0 short sword of electrocution (weapon)
 A - a +0 mace
Missiles
 t - a throwing net {=f}
Armour
 a - a +0 troll leather armour (worn)
 g - a +0 cloak (worn)
 l - a +2 robe of cold resistance
 q - a +0 pair of gloves (worn)
 u - a +0 hat (worn)
 x - a +1 pair of boots (worn)
 D - a scarf of stasis
Jewellery
 b - a ring of wizardry (right hand)
 e - an uncursed ring of flight
 f - a +5 amulet of reflection (around neck)
 m - a +3 ring of evasion (left hand)
 z - an uncursed ring of protection from magic
Wands
 p - a wand of random effects (28)
 w - a wand of iceblast (10)
 y - a wand of polymorph (15)
 B - a wand of digging (8)
Scrolls
 d - 5 scrolls of teleportation
 h - a scroll of immolation
 i - 4 scrolls of identify
 j - 2 scrolls of enchant weapon
 k - a scroll of amnesia
 n - 2 scrolls of blinking
 o - 3 scrolls of remove curse
 r - 4 scrolls of enchant armour
 s - a scroll of noise
 v - 2 scrolls of magic mapping {unknown}
 C - a scroll of brand weapon {unknown}


   Skills:
 + Level 6.9 Fighting
 - Level 5.0 Armour
 - Level 2.0 Dodging
 - Level 2.4 Stealth
 + Level 11.7 Spellcasting
 * Level 11.5 Conjurations
 - Level 4.8 Summonings
 + Level 0.1 Fire Magic
 - Level 9.9 Ice Magic


You had 14 spell levels left.
You knew the following spells:

 Your Spells              Type           Power        Failure   Level  Hunger
a - Freeze                Ice            #####.       1%          1    N/A
b - Throw Frost           Conj/Ice       #####.       1%          2    N/A
c - Ozocubu's Armour      Chrm/Ice       ####....     1%          3    N/A
d - Throw Icicle          Conj/Ice       #####...     1%          4    N/A
e - Summon Ice Beast      Ice/Summ       ####....     1%          4    N/A
f - Fireball              Conj/Fire      ####......   2%          5    N/A

Your spell library contained the following spells:

 Spells                   Type           Power        Failure   Level  Hunger
 Ensorcelled Hibernation  Hex/Ice        ####..       1%          2    N/A
 Dazzling Orbs            Conj/Hex       ####...      1%          3    N/A
 Corona                   Hex            #......      3%          1    N/A
 Confuse                  Hex            #.......     9%          3    N/A
 Tukima's Dance           Hex            #.......     9%          3    N/A
 Cause Fear               Hex            #.........   28%         4    N/A
 Ice Form                 Ice/Tmut       Unusable     N/A         4    N/A

Dungeon Overview and Level Annotations

Branches:
Dungeon (10/12)            Temple (1/1) D:5            Lair (0/6) D:9
    Orc: D:8-11

Altars:
Ashenzari
Cheibriados
Dithmenos
Elyvilon
Fedhas
Gozag
Hepliaklqana
Kikubaaqudgha
Lugonu
Makhleb
Nemelex Xobeh
Okawaru
Qazlal
Ru
Sif Muna
Trog
Uskayaw
Vehumet
Wu Jian
Xom
Yredelemnul
Zin
The Shining One

Shops:
D:7 [

Annotations:
D:4 exclusion: skeleton, Blork the orc
D:6 exclusion: 2 wights
D:8 2 transporters, exe1's ghost, novice EnBe


Innate Abilities, Weirdness & Mutations

You do not eat or drink.
You are immune to poison.
Your flesh is cold resistant. (rC+)
Your body sometimes deteriorates upon taking damage.
You are immune to negative energy. (rN+++)
You regenerate a little health from kills.
You are immune to unholy pain and torment.
You can survive without breathing.
When hurt, damage is shared between your health and your magic reserves.
Your movements are less encumbered by armour. (ER -4)
Casting spells heals you.


Message History

Your body deteriorates!
You feel weakened.
Casting: Freeze (safe; 1% risk of failure)
Confirm with . or Enter, or press ? or * to list all spells.
You don't have enough magic to cast that spell.
No path to travel!
You closely miss the centaur warrior.
The centaur warrior is almost dead.
The centaur warrior hits you!
* * * LOW HITPOINT WARNING * * *
The centaur warrior completely misses you.
You barely miss the centaur warrior.
The centaur warrior is almost dead.
The centaur warrior hits you.
* * * LOW HITPOINT WARNING * * *
No path to travel!
You hit the centaur warrior.
The centaur warrior is almost dead.
The centaur warrior hits you but does no damage.
The centaur warrior hits you!
You die...

....[...
.......
........
#......# .
+......#
#.####... ..#
...c....#+#.#
......... #.#
..##....###@#
..........c.#
..###.......#
......≈≈...#
............##
.............#
.>...........#
.............#
.............#


You could see a centaur warrior.

Vanquished Creatures
  A two-headed ogre (D:8)
  An unseen horror (D:7)
  A kobold demonologist (D:9)
  An efreet (D:8)
  A troll (D:9)
  A hornet (D:8)
  3 hippogriffs
  4 slime creatures
  A shadow (D:7)
  2 yaks (D:9)
  A human (D:8)
  A vampire mosquito (D:9)
  5 crocodiles
  A water moccasin (D:6)
  2 porcupines (D:9)
  2 sky beasts
  3 black bears
  3 ice beasts
  7 ogres
  2 orc warriors
  A centaur (D:6)
  2 big kobolds (D:9)
  4 bullfrogs
  A gnoll sergeant (D:7)
  3 scorpions
  A wyvern skeleton (D:5)
  3 killer bees (D:8)
  6 wights
  4 jellies
  3 howler monkeys
  An orc priest (D:7)
  5 crimson imps
  A bullfrog zombie (D:7)
  2 hounds
  A centaur skeleton (D:6)
  7 orc wizards
  4 iguanas
  9 worker ants
  A killer bee zombie (D:7)
  A hound zombie (D:6)
  3 worker ant zombies
  8 adders
  3 gnolls
  3 oozes (D:2)
  An adder skeleton (D:3)
  3 worms
  4 dart slugs
  2 leopard geckos
  40 orcs
  A bat (D:2)
  4 giant cockroaches
  4 goblins (D:2)
  9 hobgoblins
  10 jackals
  4 quokkas
  13 frilled lizards
  21 kobolds
236 creatures vanquished.

Vanquished Creatures (collateral kills)
  4 slime creatures
  4 humans (D:8)
  3 yaks (D:9)
  A crocodile (D:9)
  3 orc warriors (Bailey)
  A centaur (D:8)
  2 big kobolds (D:8)
  A killer bee (D:8)
  An orc priest (D:8)
  An orc wizard (D:8)
  9 orcs
  A kobold (D:9)
31 creatures vanquished.

Vanquished Creatures (others)
  A centaur (D:9)
  2 bushes (D:9)
  4 fungi (D:9)
  28 plants
35 creatures vanquished.

Grand Total: 302 creatures vanquished

Notes
Turn   | Place    | Note
-------+----------+-------------------------------------------
     0 | D:1      | Baz the Skeleton Ice Elementalist began the quest for the
                  | Orb.
     0 | D:1      | Reached XP level 1. HP: 10/10 MP: 4/4
   607 | D:1      | Reached XP level 2. HP: 16/16 MP: 1/6
  1077 | D:2      | Reached skill level 1 in Fighting
  1150 | D:2      | Reached XP level 3. HP: 20/20 MP: 4/8
  1166 | D:2      | Learned a level 2 spell: Throw Frost
  1667 | D:2      | Found an iron altar of Okawaru.
  1763 | D:2      | Learned a level 3 spell: Ozocubu's Armour
  1851 | D:2      | Reached XP level 4. HP: 25/25 MP: 3/10
  1858 | D:2      | Learned a level 4 spell: Throw Icicle
  2202 | D:2      | Found a burning altar of Makhleb.
  2202 | D:2      | Found a shimmering altar of Xom.
  2332 | D:3      | Found a corrupted altar of Lugonu.
  2369 | D:3      | Reached skill level 5 in Spellcasting
  2744 | D:3      | Reached XP level 5. HP: 30/30 MP: 9/12
  3521 | D:4      | Noticed an ogre
  3525 | D:4      | Killed an ogre
  3526 | D:4      | Gained mutation: You regenerate a little health from kills.
                  | [Skeleton growth]
  3526 | D:4      | Reached XP level 6. HP: 36/36 MP: 4/14
  3662 | D:4      | Found a sparkling altar of Nemelex Xobeh.
  3971 | D:4      | Found a shattered altar of Ashenzari.
  4366 | D:4      | Noticed Blork the orc
  4423 | D:5      | Entered Level 5 of the Dungeon
  4524 | D:5      | Found a staircase to the Ecumenical Temple.
  4530 | Temple   | Entered the Ecumenical Temple
  4559 | Temple   | Became a worshipper of Vehumet
  5128 | D:5      | Found a shimmering altar of Xom.
  5568 | D:5      | Reached XP level 7. HP: 31/41 MP: 7/16
  5671 | D:5      | Found a hazy altar of Hepliaklqana.
  6204 | D:6      | Reached skill level 5 in Ice Magic
  6244 | D:6      | Reached skill level 5 in Conjurations
  6273 | D:6      | Noticed a hippogriff
  6288 | D:6      | Killed a hippogriff
  6501 | D:5      | Learned a level 4 spell: Summon Ice Beast
  6597 | D:6      | Reached skill level 1 in Summonings
  6619 | D:6      | Reached XP level 8. HP: 48/48 MP: 9/18
  6868 | D:6      | Noticed a hippogriff
  6873 | D:6      | Killed a hippogriff
  7107 | D:6      | Reached * piety under Vehumet
  7107 | D:6      | Offered knowledge of Sting by Vehumet.
  7255 | D:6      | Reached skill level 5 in Fighting
  7318 | D:6      | Found a glowing golden altar of the Shining One.
  7743 | D:7      | Found a stormy altar of Qazlal.
  7837 | D:7      | Reached XP level 9. HP: 54/54 MP: 8/21
  8777 | D:7      | Killed an unseen horror
  8778 | D:7      | Reached skill level 1 in Armour
  8942 | D:7      | Found Gaxoywogre's Antique Armour Boutique.
  8943 | D:7      | Offered knowledge of Shock by Vehumet.
  8948 | D:7      | Reached ** piety under Vehumet
  9281 | D:8      | Found a flagged portal.
  9315 | Bailey   | Entered a bailey
  9493 | D:8      | Gained mutation: Your movements are less encumbered by
                  | armour. (ER -4) [Skeleton growth]
  9493 | D:8      | Reached XP level 10. HP: 43/60 MP: 6/23
  9505 | D:8      | Reached skill level 10 in Spellcasting
  9612 | D:8      | Noticed a centaur warrior
  9613 | D:8      | Found a transporter.
  9613 | D:8      | Noticed exe1's ghost (novice EnBe)
  9662 | D:8      | Found a transporter.
  9683 | D:8      | Found a bloodstained altar of Trog.
  9745 | D:8      | Offered knowledge of Inner Flame by Vehumet.
  9751 | D:8      | Noticed a two-headed ogre
  9956 | D:8      | Killed a two-headed ogre
 10393 | D:8      | Reached *** piety under Vehumet
 10504 | D:8      | Found a shadowy altar of Dithmenos.
 10815 | D:8      | Offered knowledge of Conjure Flame by Vehumet.
 10816 | D:8      | Reached skill level 10 in Conjurations
 10894 | D:8      | Reached skill level 5 in Armour
 11082 | D:8      | Found a shimmering blue altar of Sif Muna.
 11095 | D:8      | Found a glowing silver altar of Zin.
 11289 | D:8      | Found a bloodstained altar of Trog.
 11294 | D:8      | Reached XP level 11. HP: 64/64 MP: 19/26
 11899 | D:9      | Found a staircase to the Lair.
 12003 | D:9      | Reached **** piety under Vehumet
 12278 | D:9      | Offered knowledge of Fireball by Vehumet.
 12295 | D:9      | Learned a level 5 spell: Fireball
 12987 | D:10     | Entered Level 10 of the Dungeon
 13047 | D:10     | Noticed a centaur warrior
 13067 | D:10     | HP: 3/66 [centaur warrior (7)]
 13068 | D:10     | HP: 1/66 [centaur warrior (2)]
 13069 | D:10     | Mangled by a centaur warrior

Skill      XL: |  1  2  3  4  5  6  7  8  9 10 11 |
---------------+----------------------------------+-----
Fighting       | 1 2 3 4 5 6 |  6.9
Spellcasting   | 4 5 6 7 8 9 11 | 11.7
Ice Magic      | 4 5 7 8 9 |  9.9
Conjurations   | 2 3 4 5 7 10 11 | 11.5
Summonings     | 1 4 |  4.8
Armour         | 2 5 |  5.0
Dodging        | |  2.0
Stealth        | |  2.4
Fire Magic     | |  0.1

Action                   |  1- 3 |  4- 6 |  7- 9 | 10-12 || total
-------------------------+-------+-------+-------+-------++-------
Melee: Unarmed           |    17 |    18 |       |       ||    35
       Short sword       |       |       |    41 |    72 ||   113
 Cast: Freeze            |    54 |    59 |    52 |    69 ||   234
       Throw Frost       |    22 |    47 |    96 |    59 ||   224
       Ozocubu's Armour  |       |     1 |     1 |     3 ||     5
       Throw Icicle      |       |     7 |    50 |    80 ||   137
       Summon Ice Beast  |       |       |     9 |    19 ||    28
       Fireball          |       |       |       |    13 ||    13
Evoke: Wand              |       |       |     4 |       ||     4
  Use: Scroll            |     1 |     2 |     4 |     3 ||    10
Armor: Leather armour    |    13 |     7 |       |       ||    20
       Robe              |       |     4 |    17 |    26 ||    47
       Troll leather arm |       |       |       |    10 ||    10
Dodge: Dodged            |    34 |    38 |    88 |   105 ||   265
Block: Other             |     1 |    10 |    28 |    32 ||    71
       Reflection        |       |       |     1 |     5 ||     6
